Description

I got really tired of trying to make ravagers work vs cannons. So I came up with this option. For the most part it will hit them so fast they cant really do anything about it, of course if they stop the nydus then its not going to work.

Replay - Bluey v Eleven - Lightshade LE

Build Order

Get SALT Encoding   

  12  0:01  Drone  
  13  0:12  Overlord  
  13  0:16  Drone  
  14  0:31  Drone x2  
  16  0:49  Hatchery  
  15  0:52  Drone x2  
  17  1:01  Drone  
  18  1:11  Extractor  
  17  1:19  Spawning Pool  
  17  1:20  Drone x2  
  18  1:29  Drone  
  20  1:52  Overlord  
  22  2:18  Extractor, Lair  
  22  2:25  Zergling x6  
  22  2:27  Spine Crawler  
  24  2:35  Zergling x4  
  26  2:44  Zergling x4  
  26  2:50  Metabolic Boost  
  28  2:56  Zergling x2  
  29  3:08  Zergling x2  
  30  3:20  Overlord  
  30  3:21  Nydus Network  
  29  3:28  Zergling x2  
  30  3:37  Overlord  
  30  3:38  Queen  
  31  3:48  Spine Crawler x2  
  30  3:49  Spore Crawler  
  29  3:58  Nydus Canal  
  24  4:44  Spine Crawler  
Spawning Tool Build Advisor. Get it on Overwolf

Analysis

But the idea is to delay ling speed and delay queen, start a lair asap with the gas, take the other gas. get ling speed and build lings. You can cancell the nat, sometimes i leave it to give me more time, theyll be distracted with it. Spine top of the ramp, if they try to scout deny it. Dont let them see lair. Setup overlords, @ lair nydu, queen, and your nydus should pop right as ling speed finishes. The whole build relies on the speed at which you get the nydus in their main. The more you do to delay that the less of a chance it has to work.

Go to:

Details

  • Created by: IIEleven11
  • Published on: Feb 04, 2021
  • Modified on: Feb 04, 2021
  • Patch: 4.11.0
  • Difficulty: Easy
Show
View Real Time Build Order
Export as new Build Order

Comments (3)

On July 5, 2021, 7:16 p.m., SJV  said:

this defense sucks

On April 30, 2021, 2:57 a.m., IIEleven11  said:

yeah the ravager defense sucks. been trying it for years. im well aware of how its supposed to be done. Its great in theory but so is communism. Its just not viable especially with the prevalance of void rays in this meta. This build specifically is designed to hit before they can do get the sg units out in a big enough number to be a threat

On Feb. 14, 2021, 5:07 p.m., Maxgy  said:

Defense with ravagers: https://lotv.spawningtool.com/build/135724/

Create an account to comment!